TOP OF THE 1ST |
Mississippi State University Bulldogs batting - Pitching for University of Oklahoma Sooners : RHP Jim Unknown
|
Pitching: RHP Jim Unknown
|
|
Batting: RHB Alexis Gallegos
|
0-0: Foul Ball, location: 2F 0-1: SINGLE (Flyball, 6MD, EV 86.9 MPH) - OUT at second base trying to stretch hit.
|
Batting: RHB Miguel Huezo
|
0-0: SINGLE (Groundball, 4M, EV 98.1 MPH)
|
Batting: RHB Benjamin Alderdice
|
0-0: Foul Ball, location: 2F 0-1: Ball 1-1: Ball 2-1: Foul Ball, location: 2F 2-2: Strikes out swinging
|
Batting: RHB Justin Boesenberg
|
0-0: Ball 1-0: Ball Miguel Huezo steals 2nd, throwing error, E2 Miguel Huezo to third 2-0: SINGLE (Line Drive, 8RM, EV 89.4 MPH) Miguel Huezo scores
|
Batting: SHB Tom McMinn
|
0-0: SINGLE (Line Drive, 4MD, EV 100.0 MPH) Justin Boesenberg to second
|
Batting: RHB Jason Rhodes
|
0-0: Called Strike 0-1: Ball 1-1: Ball 2-1: Ball 3-1: Called Strike 3-2: Ground out 6-3 (Groundball, 6, EV 103.8 MPH)
|
Top of the 1st over - 1 run, 4 hits, 1 error, 2 left on base; Mississippi State University 1 - University of Oklahoma 0 |
BOTTOM OF THE 1ST |
University of Oklahoma Sooners batting - Pitching for Mississippi State University Bulldogs : RHP Steven Ollhoff
|
Pitching: RHP Steven Ollhoff
|
|
Batting: RHB Jim Unknown
|
0-0: Called Strike 0-1: Foul Ball, location: 2F 0-2: Foul Ball, location: 2F 0-2: Foul Ball, location: 2F 0-2: Fly out, F5 (Line Drive, 5, EV 73.1 MPH)
|
Batting: RHB Jim Unknown
|
0-0: Ground out 3-1 (Groundball, 34, EV 109.4 MPH)
|
Batting: RHB Jim Unknown
|
0-0: Foul Ball, location: 2F 0-1: Swinging Strike 0-2: Ball 1-2: Ball 2-2: Ball 3-2: Fly out, F9 (Line Drive, 9D, EV 103.8 MPH)
|
Bottom of the 1st over - 0 runs, 0 hits, 0 errors, 0 left on base; Mississippi State University 1 - University of Oklahoma 0 |
TOP OF THE 2ND |
Mississippi State University Bulldogs batting - Pitching for University of Oklahoma Sooners : RHP Jim Unknown
|
Batting: SHB Jim Unknown
|
0-0: Called Strike 0-1: Ball 1-1: Swinging Strike 1-2: Ground out 4-3 (Groundball, 4, EV 88.8 MPH)
|
Batting: RHB Chris Everett
|
0-0: Ball 1-0: Called Strike 1-1: Ball 2-1: Ball 3-1: Base on Balls
|
Batting: LHB Matt Tanner
|
0-0: Ball 1-0: Ball 2-0: Ball 3-0: Foul Ball, location: 2F 3-1: Base on Balls Chris Everett to second
|
Batting: RHB Alexis Gallegos
|
0-0: Called Strike 0-1: Foul Ball, location: 2F 0-2: Ball 1-2: Strikes out swinging
|
Batting: RHB Miguel Huezo
|
0-0: Called Strike 0-1: Ball 1-1: Fielders Choice at 2nd, 6-4 (Groundball, 56, EV 94.4 MPH)
|
Top of the 2nd over - 0 runs, 0 hits, 0 errors, 2 left on base; Mississippi State University 1 - University of Oklahoma 0 |
BOTTOM OF THE 2ND |
University of Oklahoma Sooners batting - Pitching for Mississippi State University Bulldogs : RHP Steven Ollhoff
|
Batting: RHB Jim Unknown
|
0-0: Called Strike 0-1: Ball 1-1: Foul Ball, location: 2F 1-2: SINGLE (Groundball, 34, EV 98.1 MPH)
|
Batting: RHB Jim Unknown
|
0-0: Foul Ball, location: 2F 0-1: Fielders Choice at 2nd, 6-4 (Groundball, 6, EV 89.4 MPH)
|
Now at 2B: Bin-ying Wang
|
|
Batting: RHB Jim Unknown
|
0-0: Foul Ball, location: 2F 0-1: Foul Ball, location: 2F 0-2: Foul Ball, location: 2F 0-2: Strikes out swinging
|
Batting: RHB Jim Unknown
|
0-0: Ball Jim Unknown is caught stealing 2nd base 2-4
|
Bottom of the 2nd over - 0 runs, 1 hit, 0 errors, 0 left on base; Mississippi State University 1 - University of Oklahoma 0 |
TOP OF THE 3RD |
Mississippi State University Bulldogs batting - Pitching for University of Oklahoma Sooners : RHP Jim Unknown
|
Batting: RHB Benjamin Alderdice
|
0-0: Foul Ball, location: 2F 0-1: Swinging Strike 0-2: Ball 1-2: Strikes out swinging
|
Batting: RHB Bin-ying Wang
|
0-0: Fly out, F9 (Flyball, 9, EV 81.9 MPH)
|
Batting: SHB Tom McMinn
|
0-0: Ball 1-0: Ball 2-0: Swinging Strike 2-1: Ground out 5-3 (Groundball, 56S, EV 63.1 MPH)
|
Top of the 3rd over - 0 runs, 0 hits, 0 errors, 0 left on base; Mississippi State University 1 - University of Oklahoma 0 |
BOTTOM OF THE 3RD |
University of Oklahoma Sooners batting - Pitching for Mississippi State University Bulldogs : RHP Steven Ollhoff
|
Batting: RHB Jim Unknown
|
0-0: Ball 1-0: Swinging Strike 1-1: Ball 2-1: Ball 3-1: Base on Balls
|
Batting: RHB Jim Unknown
|
0-0: Ball 1-0: Ball 2-0: SINGLE (Groundball, 4, EV 95.0 MPH) Jim Unknown to second
|
Batting: LHB Jim Unknown
|
0-0: Ball 1-0: Ball 2-0: Fly out, F9 (Flyball, 89M, EV 86.2 MPH)
|
Batting: RHB Jim Unknown
|
0-0: Swinging Strike 0-1: Ball 1-1: Foul Ball, location: 2F 1-2: Ball 2-2: SINGLE (Line Drive, 4D, EV 93.8 MPH) Jim Unknown to third Jim Unknown to second
|
Pitching: LHP Martim Braves
|
|
Batting: RHB Jim Unknown
|
0-0: Ball 1-0: Called Strike 1-1: Foul Ball, location: 2F 1-2: Fly out, F9 (Flyball, 9LS, EV 86.2 MPH)
|
Batting: RHB Jim Unknown
|
0-0: Ball Wild Pitch! Jim Unknown scores Jim Unknown to third Jim Unknown to second 1-0: Ball 2-0: Fly out, F8 (Flyball, 8RS, EV 78.1 MPH)
|
Bottom of the 3rd over - 1 run, 2 hits, 0 errors, 2 left on base; Mississippi State University 1 - University of Oklahoma 1 |
TOP OF THE 4TH |
Mississippi State University Bulldogs batting - Pitching for University of Oklahoma Sooners : RHP Jim Unknown
|
Batting: RHB Jason Rhodes
|
0-0: Ball 1-0: Swinging Strike 1-1: Foul Ball, location: 2F 1-2: Foul Ball, location: 2F 1-2: Strikes out looking
|
Batting: SHB Jim Unknown
|
0-0: Called Strike 0-1: Ball 1-1: Called Strike 1-2: Foul Ball, location: 2F 1-2: Ball 2-2: Ground out U3 (Groundball, 34, EV 83.1 MPH)
|
Batting: RHB Chris Everett
|
0-0: Ball 1-0: Ball 2-0: Ball 3-0: Called Strike 3-1: Base on Balls
|
Batting: LHB Matt Tanner
|
0-0: Called Strike 0-1: DOUBLE (Line Drive, 89D, EV 101.9 MPH) Chris Everett to third Runner from 3rd tries for Home, SAFE, no throw by CF
|
Batting: RHB Alexis Gallegos
|
0-0: Ball 1-0: Ball 2-0: Ball 3-0: Called Strike 3-1: Swinging Strike 3-2: Base on Balls
|
Batting: RHB Miguel Huezo
|
0-0: Ball 1-0: Ball 2-0: Called Strike 2-1: Ball 3-1: Called Strike 3-2: Base on Balls Matt Tanner to third Alexis Gallegos to second
|
Batting: RHB Benjamin Alderdice
|
0-0: Reached on error, E6 (Groundball, 6, EV 105.0 MPH) Matt Tanner scores Alexis Gallegos to third Miguel Huezo to second
|
Batting: RHB Bin-ying Wang
|
0-0: Ball 1-0: Ground out U3 (Groundball, 34S, EV 80.0 MPH)
|
Top of the 4th over - 2 runs, 1 hit, 1 error, 3 left on base; Mississippi State University 3 - University of Oklahoma 1 |
BOTTOM OF THE 4TH |
University of Oklahoma Sooners batting - Pitching for Mississippi State University Bulldogs : LHP Martim Braves
|
Batting: RHB Jim Unknown
|
0-0: Ball 1-0: Ball 2-0: Ground out 4-3 (Groundball, 34, EV 82.5 MPH)
|
Batting: RHB Jim Unknown
|
0-0: Foul Ball, location: 2F 0-1: Ball 1-1: Swinging Strike 1-2: Strikes out looking
|
Batting: RHB Jim Unknown
|
0-0: Ball 1-0: Ball 2-0: Called Strike 2-1: Called Strike 2-2: Strikes out swinging
|
Bottom of the 4th over - 0 runs, 0 hits, 0 errors, 0 left on base; Mississippi State University 3 - University of Oklahoma 1 |
TOP OF THE 5TH |
Mississippi State University Bulldogs batting - Pitching for University of Oklahoma Sooners : RHP Jim Unknown
|
Pitching: RHP Jim Unknown
|
|
Batting: SHB Tom McMinn
|
0-0: Ball 1-0: Ball 2-0: Called Strike 2-1: Foul Ball, location: 2F 2-2: Strikes out looking
|
Batting: RHB Jason Rhodes
|
0-0: Ball 1-0: Ball 2-0: Ball 3-0: Base on Balls
|
Batting: SHB Jim Unknown
|
0-0: Ball 1-0: Ball 2-0: Called Strike 2-1: Foul Ball, location: 2F 2-2: Foul Ball, location: 2F 2-2: Foul Ball, location: 2F 2-2: Strikes out swinging
|
Batting: RHB Chris Everett
|
0-0: Ball Wild Pitch! Jason Rhodes to second 1-0: Ball 2-0: Ball 3-0: Called Strike 3-1: Foul Ball, location: 2F 3-2: Base on Balls
|
Batting: LHB Matt Tanner
|
0-0: Ball 1-0: Called Strike 1-1: Swinging Strike 1-2: Strikes out swinging
|
Top of the 5th over - 0 runs, 0 hits, 0 errors, 2 left on base; Mississippi State University 3 - University of Oklahoma 1 |
BOTTOM OF THE 5TH |
University of Oklahoma Sooners batting - Pitching for Mississippi State University Bulldogs : LHP Martim Braves
|
Batting: RHB Jim Unknown
|
0-0: Foul Ball, location: 2F 0-1: Ball 1-1: Ball 2-1: Foul Ball, location: 2F 2-2: Ball 3-2: Ground out 6-3 (Groundball, 6, EV 81.2 MPH)
|
Batting: RHB Jim Unknown
|
0-0: Fly out, F9 (Flyball, 9D, EV 75.6 MPH)
|
Batting: LHB Jim Unknown
|
0-0: Called Strike 0-1: Ball 1-1: SINGLE (Line Drive, 7, EV 87.5 MPH)
|
Batting: RHB Jim Unknown
|
0-0: Fielders Choice at 2nd, 5-4 (Groundball, 56, EV 86.9 MPH)
|
Bottom of the 5th over - 0 runs, 1 hit, 0 errors, 1 left on base; Mississippi State University 3 - University of Oklahoma 1 |
TOP OF THE 6TH |
Mississippi State University Bulldogs batting - Pitching for University of Oklahoma Sooners : RHP Jim Unknown
|
Batting: RHB Alexis Gallegos
|
0-0: Swinging Strike 0-1: Ball 1-1: Ball 2-1: Ball 3-1: Base on Balls
|
Batting: RHB Miguel Huezo
|
0-0: Ball Alexis Gallegos is caught stealing 2nd base 2-4 1-0: Ball 2-0: Ground out 3-1 (Groundball, 34, EV 97.5 MPH)
|
Batting: RHB Benjamin Alderdice
|
0-0: Ball 1-0: Ball 2-0: Ground out 6-3 (Groundball, 6, EV 90.0 MPH)
|
Top of the 6th over - 0 runs, 0 hits, 0 errors, 0 left on base; Mississippi State University 3 - University of Oklahoma 1 |
BOTTOM OF THE 6TH |
University of Oklahoma Sooners batting - Pitching for Mississippi State University Bulldogs : LHP Martim Braves
|
Batting: RHB Jim Unknown
|
0-0: Swinging Strike 0-1: Ball 1-1: Swinging Strike 1-2: SINGLE (Groundball, 56D, EV 96.9 MPH)
|
Batting: RHB Jim Unknown
|
0-0: Ball 1-0: Called Strike 1-1: Foul Ball, location: 2F 1-2: Ball 2-2: Ball 3-2: Foul Ball, location: 2F 3-2: DOUBLE (Line Drive, 89D, EV 108.1 MPH) Jim Unknown to third
|
Pitching: RHP Chris P. Shephard
|
|
Batting: RHB Jim Unknown
|
0-0: Ball 1-0: Ball 2-0: Ball 3-0: Called Strike 3-1: SINGLE (Groundball, 34D, EV 96.2 MPH) Jim Unknown scores Jim Unknown to third
|
Batting: RHB Jim Unknown
|
0-0: Called Strike 0-1: Foul Ball, location: 2F 0-2: Foul Ball, location: 2F 0-2: Ground out 6-3 (Groundball, 56D, EV 106.9 MPH) Jim Unknown scores Jim Unknown to second
|
Batting: RHB Jim Unknown
|
0-0: Ball 1-0: Swinging Strike 1-1: Called Strike 1-2: Ball 2-2: Strikes out swinging
|
Batting: RHB Jim Unknown
|
0-0: Ball 1-0: Ball 2-0: Ground out 4-3 (Groundball, 4, EV 81.9 MPH)
|
Bottom of the 6th over - 2 runs, 3 hits, 0 errors, 1 left on base; Mississippi State University 3 - University of Oklahoma 3 |
TOP OF THE 7TH |
Mississippi State University Bulldogs batting - Pitching for University of Oklahoma Sooners : RHP Jim Unknown
|
Pitching: RHP Jim Unknown
|
|
Batting: RHB Bin-ying Wang
|
0-0: Ball 1-0: Reached on error, E6 (Groundball, 6, EV 88.1 MPH)
|
Batting: SHB Tom McMinn
|
0-0: Ball 1-0: Ball 2-0: Ball 3-0: Called Strike 3-1: Base on Balls Bin-ying Wang to second
|
Pinch Hitting: RHB Josh Stene
|
0-0: Grounds into double play, 3-6-1 (Groundball, 3, EV 84.4 MPH) Bin-ying Wang to third
|
Batting: SHB Jim Unknown
|
0-0: Ground out 4-3 (Groundball, 4S, EV 65.0 MPH)
|
Top of the 7th over - 0 runs, 0 hits, 1 error, 1 left on base; Mississippi State University 3 - University of Oklahoma 3 |
BOTTOM OF THE 7TH |
University of Oklahoma Sooners batting - Pitching for Mississippi State University Bulldogs : RHP Chris P. Shephard
|
Pitching: RHP Andy Teague
|
|
Now in LF: Josh Stene
|
|
Batting: RHB Jim Unknown
|
0-0: Called Strike 0-1: Foul Ball, location: 2F 0-2: SINGLE (Groundball, 6D, EV 103.8 MPH)
|
Batting: LHB Jim Unknown
|
0-0: Bunt missed! 0-1: Bunt missed! 0-2: Ball 1-2: Foul Ball, location: 2F 1-2: Strikes out swinging
|
Batting: RHB Jim Unknown
|
0-0: Ball 1-0: Ball 2-0: Fielders Choice at 2nd, 4-6 (Groundball, 4, EV 83.8 MPH)
|
Batting: RHB Jim Unknown
|
0-0: Ball 1-0: Fielders Choice at 2nd, 6-4 (Groundball, 6, EV 105.0 MPH)
|
Bottom of the 7th over - 0 runs, 1 hit, 0 errors, 1 left on base; Mississippi State University 3 - University of Oklahoma 3 |
TOP OF THE 8TH |
Mississippi State University Bulldogs batting - Pitching for University of Oklahoma Sooners : RHP Jim Unknown
|
Batting: RHB Chris Everett
|
0-0: Called Strike 0-1: Ball 1-1: Foul Ball, location: 2F 1-2: Foul Ball, location: 2F 1-2: Ball 2-2: Ground out 6-3 (Groundball, 6, EV 81.9 MPH)
|
Batting: LHB Matt Tanner
|
0-0: Ball 1-0: Foul Ball, location: 2F 1-1: Foul Ball, location: 2F 1-2: Fly out, F8 (Flyball, 8RD, EV 80.0 MPH)
|
Batting: RHB Alexis Gallegos
|
0-0: Called Strike 0-1: Ground out U3 (Groundball, 3S, EV 72.5 MPH)
|
Top of the 8th over - 0 runs, 0 hits, 0 errors, 0 left on base; Mississippi State University 3 - University of Oklahoma 3 |
BOTTOM OF THE 8TH |
University of Oklahoma Sooners batting - Pitching for Mississippi State University Bulldogs : RHP Andy Teague
|
Pitching: RHP Ruben Mendoza
|
|
Batting: RHB Jim Unknown
|
0-0: Ball 1-0: Ball 2-0: Called Strike 2-1: Ground out 6-3 (Groundball, 6MD, EV 87.5 MPH)
|
Batting: RHB Jim Unknown
|
0-0: Ground out 4-3 (Groundball, 4, EV 100.0 MPH)
|
Batting: RHB Jim Unknown
|
0-0: Ball 1-0: Ball 2-0: Foul Ball, location: 2F 2-1: Ball 3-1: SOLO HOME RUN (Flyball, 7D, EV 105.0 MPH), Distance : 403 ft
|
Batting: RHB Jim Unknown
|
0-0: Ball 1-0: SINGLE (Groundball, 56, EV 94.4 MPH)
|
Batting: RHB Jim Unknown
|
0-0: Called Strike 0-1: Fielders Choice at 2nd, 5-4 (Groundball, 5, EV 86.9 MPH)
|
Bottom of the 8th over - 1 run, 2 hits, 0 errors, 1 left on base; Mississippi State University 3 - University of Oklahoma 4 |
TOP OF THE 9TH |
Mississippi State University Bulldogs batting - Pitching for University of Oklahoma Sooners : RHP Jim Unknown
|
Pitching: RHP Jim Unknown
|
|
Batting: RHB Miguel Huezo
|
0-0: Called Strike 0-1: Called Strike 0-2: Strikes out looking
|
Batting: RHB Benjamin Alderdice
|
0-0: Called Strike 0-1: Swinging Strike 0-2: Foul Ball, location: 2F 0-2: Ball 1-2: Ball 2-2: Ball 3-2: Strikes out swinging, 2-3 out at first.
|
Batting: RHB Bin-ying Wang
|
0-0: Swinging Strike 0-1: SINGLE (Flyball, 7LS, EV 94.4 MPH)
|
Batting: SHB Tom McMinn
|
0-0: Ball Wild Pitch! Bin-ying Wang to second 1-0: Swinging Strike 1-1: Ball 2-1: Fly out, F4 (Popup, 23, EV 80.6 MPH)
|
Top of the 9th over - 0 runs, 1 hit, 0 errors, 1 left on base; Mississippi State University 3 - University of Oklahoma 4 |
|